 Dungeon Crawl Stone Soup version 0.30-a0-986-g7f2e898f52 (webtiles) character file.

Game seed: 10847803894340897216

3388 Mahakala the Basher (level 10, -8/64 HPs)
             Began as a Gargoyle Monk on Aug 18, 2022.
             Was a High Priest of Zin.
             Mangled by a two-headed ogre
             ... wielding a +0 dire flail
              (12 damage)
             ... on level 8 of the Dungeon on Apr 1, 2023.
             The game lasted 00:35:19 (8128 turns).

Mahakala the Basher (Gargoyle Monk)                 Turns: 8128, Time: 00:35:20

Health: -8/64      AC: 25    Str: 18    XL:     10   Next: 4%
Magic:  12/12      EV:  6    Int: 12    God:    Zin [*****.]
Gold:   555        SH:  5    Dex: 16    Spells: 9/9 levels left

rFire   . . .      SeeInvis .    q - +3 whip of Leeh {venom, rElec rPois rN+ Dex-2}
rCold   . . .      Faith    .    (no shield)
rNeg    + + .      Spirit   .    N - +0 plate armour
rPois   ∞          Reflect  +    B - +0 helmet
rElec   +          Rampage  .    y - +1 cloak
rCorr   .                        (no gloves)
Will    .....                    n - +0 pair of boots Stlth
                                 A - amulet of reflection
HPRegen 0.30/turn                K - +6 ring of dexterity
MPRegen 0.13/turn                (no ring)

@: no status effects
A: sickness immunity, AC +7, negative energy resistance 1, electricity
resistance, torment resistance 1, petrification resistance
a: Renounce Religion, Recite, Vitalisation, Imprison, Sanctuary, Donate Gold


You were on level 8 of the Dungeon.
You worshipped Zin.
Zin was extremely pleased with you.
You visited 2 branches of the dungeon, and saw 9 of its levels.

You collected 616 gold pieces.
You donated 61 gold pieces to Zin.

Inventory:

Hand Weapons
 a - a +1 mace
 q - the +3 whip of Leeh (weapon) {venom, rElec rPois rN+ Dex-2}
   (You found it on level 2 of the Dungeon)

   Dex:       It affects your dexterity (-2).
   rElec:     It insulates you from electricity.
   rPois:     It protects you from poison.
   rN:        It protects you from negative energy.
 M - a +0 morningstar
Missiles
 u - 12 poisoned darts
 D - a boomerang of dispersal
 E - 6 boomerangs
 I - a curare-tipped dart {!f}
Armour
 n - a +0 pair of boots (worn)
 y - a +1 cloak (worn)
 B - a +0 helmet (worn)
 N - a +0 plate armour (worn)
Jewellery
 A - an amulet of reflection (around neck)
 F - an amulet of magic regeneration
 K - a +6 ring of dexterity (left hand)
Wands
 p - a wand of roots (14)
 v - a wand of digging (24)
 x - a wand of acid (7)
 H - a wand of polymorph (1)
Scrolls
 b - 3 scrolls of fog {unknown}
 d - 2 scrolls of immolation {unknown}
 f - 6 scrolls of teleportation {@r4}
 i - 5 scrolls of fear
 j - a scroll of magic mapping
 k - 2 scrolls of vulnerability {!r}
 l - 2 scrolls of poison {unknown}
 o - a scroll of enchant weapon
 t - 2 scrolls of brand weapon {unknown}
 z - a scroll of noise {unknown}
 C - 2 scrolls of enchant armour
 O - a scroll of identify {@r1}
Potions
 c - 3 potions of ambrosia
 e - 4 potions of brilliance
 g - 2 potions of lignification {!q}
 h - 4 potions of berserk rage
 m - a potion of haste {unknown}
 r - a potion of cancellation
 s - 3 potions of curing {@q1}
 w - 5 potions of heal wounds {@q2}
 G - a potion of might {unknown}
 J - 2 potions of invisibility
 L - a potion of flight {unknown}


   Skills:
 - Level 7.6 Fighting
 * Level 10.8 Maces & Flails
 + Level 6.5 Armour
 - Level 2.4 Dodging
 - Level 2.1 Stealth
 + Level 2.9 Invocations


You had 9 spell levels left.
You didn't know any spells.
Your spell library contained the following spells:

 Spells                   Type           Power      Damage    Failure   Level
 Hailstorm                Conj/Ice       0%         3d3       100%        3
 Ice Form                 Ice/Tmut       0%         N/A       100%        4
 Simulacrum               Ice/Necr       0%         N/A       100%        6


Dungeon Overview and Level Annotations

Branches:
Dungeon (8/15)             Temple (1/1) D:6
   Lair: D:8-11

Altars:
Ashenzari
Cheibriados
Dithmenos
Elyvilon
Fedhas
Gozag
Hepliaklqana
Kikubaaqudgha
Makhleb
Nemelex Xobeh
Okawaru
Qazlal
Ru
Sif Muna
Trog
Uskayaw
Vehumet
Wu Jian
Xom
Yredelemnul
Zin
The Shining One

Shops:
D:1 :   D:4 (

Annotations:
D:4 1 runed translucent door, TheSexyCheese's ghost, amateur DrFE
D:6 1 runed translucent door, hndcvy's ghost, novice MiFi


Innate Abilities, Weirdness & Mutations

You are immune to sickness and miasma.
Your stone body is resilient. (AC +7)
You are immune to poison.
You resist negative energy. (rN+)
You are resistant to electric shocks. (rElec)
You are resistant to unholy torment.
You are immune to petrification.


Message History

You finish reciting Abominations 19:76.
The two-headed ogre attacks as you move away!
The two-headed ogre hits you with a +0 dire flail!
The two-headed ogre hits you with a +0 giant spiked club!
The orc wizard shouts!
The orc wizard points at you and mumbles some strange words.
You easily resist.
You hit the two-headed ogre but do no damage.
The two-headed ogre is poisoned.
The two-headed ogre attacks as you move away!
The two-headed ogre hits you with a +0 dire flail.
The two-headed ogre hits you with a +0 giant spiked club!
The two-headed ogre attacks as you move away!
The two-headed ogre closely misses you.
The two-headed ogre hits you with a +0 giant spiked club!
* * * LOW HITPOINT WARNING * * *
The orc priest shouts!
The orc wizard points at you and mumbles some strange words.
The magic dart hits you but does no damage.
The two-headed ogre looks more healthy.
The orc wizard mumbles some strange words.
The orc wizard flickers and vanishes!
Deactivating autopickup; reactivate with Ctrl-A.
You're not ready to recite again yet.
A magic dart appears from out of thin air!
The magic dart hits you but does no damage.
You are confused.
You feel better.
You are ready to recite again.
Something tries to affect you, but you resist.
The two-headed ogre attacks as you move away!
The two-headed ogre hits you but does no damage.
The two-headed ogre hits you with a +0 giant spiked club!!
* * * LOW HITPOINT WARNING * * *
The orc priest mumbles some strange prayers to Beogh against you.
Beogh smites you!
* * * LOW HITPOINT WARNING * * *
There is a stone staircase leading up here.
The two-headed ogre hits you with a +0 dire flail!
You die...

##...................#...
#.......................
##.....###..o##.........
##.......##...#..#.......
#................#......)
##...#.......).####..)...
##.##....#......##..)...
###...O....#..###......
#....@....#..# #......
##....#...#..###......
#...###.###..........
##### ### #...#......
##..###..#. #..## ####.
##..#### ## ##<....####
##..........


You could see a two-headed ogre and an orc priest.

Vanquished Creatures
  A hornet (D:8)
  Grinder (D:3)
  A wraith (D:7)
  Eustachio (D:5)
  2 steam dragons
  Menkaure (D:5)
  Duvessa (D:4)
  2 orc warriors
  2 ice beasts
  A black bear (D:5)
  A centaur (D:7)
  2 ogres
  2 phantoms
  2 kobold brigands
  A gnoll sergeant (D:7)
  4 scorpions
  Dowan (D:4)
  3 wights (D:6)
  2 hounds
  2 orc priests (D:5)
  A sleepcap (D:5)
  An iguana (D:6)
  8 orc wizards
  15 gnolls
  6 adders
  A shadow imp (D:7)
  A worm (D:2)
  8 dart slugs
  35 orcs
  6 endoplasms
  5 giant cockroaches
  12 goblins
  7 hobgoblins
  2 jackals (D:3)
  22 kobolds
  4 quokkas
  9 ball pythons
  5 bats
  4 frilled lizards
  2 rats (D:2)
187 creatures vanquished.

Vanquished Creatures (others)
  A jelly (D:8)
  An orc (D:8)
  2 plants (D:5)
  2 withered plants (D:4)
6 creatures vanquished.

Grand Total: 193 creatures vanquished

Notes
Turn   | Place    | Note
-------+----------+-------------------------------------------
     0 | D:1      | Mahakala the Gargoyle Monk began the quest for the Orb.
     0 | D:1      | Reached XP level 1. HP: 14/14 MP: 1/1
    30 | D:1      | Upgraded the game from 0.29-a0-1065-g47a6bb87d6 to
                  | 0.30-a0-986-g7f2e898f52
    63 | D:1      | Found Nuteef's Vocational Training.
   156 | D:1      | Reached XP level 2. HP: 14/19 MP: 2/2
   482 | D:1      | Found a faded altar of an unknown god.
   650 | D:1      | Reached XP level 3. HP: 20/24 MP: 3/3
   892 | D:2      | Reached skill level 4 in Maces & Flails
  1086 | D:2      | Reached XP level 4. HP: 21/29 MP: 4/4
  1271 | D:2      | Identified the +3 whip of Leeh {venom, rElec rPois rN+
                  | Dex-2}
  1400 | D:2      | Reached skill level 1 in Armour
  1698 | D:3      | Found a white marble altar of Elyvilon.
  1699 | D:3      | Found a hazy altar of Hepliaklqana.
  1700 | D:3      | Found a stormy altar of Qazlal.
  1761 | D:3      | Noticed Grinder
  1857 | D:3      | Reached XP level 5. HP: 25/34 MP: 5/5
  2182 | D:3      | Reached skill level 5 in Maces & Flails
  2738 | D:4      | Reached XP level 6. HP: 36/39 MP: 6/6
  2779 | D:4      | Found Zakopt's Weapon Shoppe.
  3161 | D:4      | Noticed Dowan
  3161 | D:4      | Noticed Duvessa
  3235 | D:4      | Killed Dowan
  3236 | D:4      | Reached skill level 5 in Fighting
  3244 | D:4      | Killed Duvessa
  3245 | D:4      | Reached skill level 6 in Maces & Flails
  3245 | D:4      | Reached XP level 7. HP: 43/44 MP: 7/7
  3435 | D:4      | Found a runed translucent door.
  3435 | D:4      | Noticed TheSexyCheese's ghost (amateur DrFE)
  3468 | D:5      | Entered Level 5 of the Dungeon
  3885 | D:5      | Noticed Menkaure
  4131 | D:5      | Noticed Eustachio
  4393 | D:5      | Reached skill level 7 in Maces & Flails
  4393 | D:5      | Reached XP level 8. HP: 51/51 MP: 8/8
  4439 | D:5      | Killed Menkaure
  4753 | D:5      | Identified the +7 rapier "Ycoepnyud" {freeze, rElec Str+2}
  4902 | D:5      | Found a bloodstained altar of Trog.
  4966 | D:5      | Found a blossoming altar of Fedhas.
  5211 | D:3      | Killed Grinder
  5212 | D:3      | Reached skill level 8 in Maces & Flails
  5212 | D:3      | Reached skill level 5 in Armour
  5289 | D:5      | Killed Eustachio
  5431 | D:6      | Reached XP level 9. HP: 39/57 MP: 9/9
  5535 | D:6      | Reached skill level 9 in Maces & Flails
  5709 | D:6      | Found a runed translucent door.
  5710 | D:6      | Noticed hndcvy's ghost (novice MiFi)
  5936 | D:6      | Found a staircase to the Ecumenical Temple.
  5960 | Temple   | Entered the Ecumenical Temple
  5980 | Temple   | Became a worshipper of Zin the Law-Giver
  5980 | Temple   | Reached * piety under Zin
  5980 | Temple   | Reached ** piety under Zin
  5980 | Temple   | Reached *** piety under Zin
  6483 | D:7      | Reached skill level 10 in Maces & Flails
  6645 | D:7      | Found a basalt altar of Yredelemnul.
  6688 | D:7      | Found an opulent altar of Gozag.
  6865 | D:7      | Reached **** piety under Zin
  7241 | D:7      | Found the +1 Delatra's gloves {ID++}
  7254 | D:7      | Reached skill level 1 in Invocations
  7567 | D:8      | Noticed a hornet
  7581 | D:8      | Killed a hornet
  7772 | D:8      | Noticed a two-headed ogre
  7949 | D:8      | Reached XP level 10. HP: 62/64 MP: 10/12
  8070 | D:8      | Reached ***** piety under Zin
  8127 | D:8      | HP: 3/64 [orc priest/divine providence (12)]
  8128 | D:8      | Mangled by a two-headed ogre

Illustrated notes

Levels and vault maps discovered:
D:1:      saegor_arrival_simple_c, layout_basic, serial_rivers,
          chequers_serial_rivers_marsh, chequers_serial_rivers_micro_c,
          chequers_serial_rivers_room_a, chequers_serial_rivers_marsh,
          chequers_serial_rivers_micro_a, chequers_serial_rivers_micro_e,
          shapermc_ecumenical_altar_notcrosses, nicolae_shop_vocational
D:2:      layout_basic
D:3:      layout_rooms, minitemple, uniq_crazy_yiuf_cottage, uniq_grinder
D:4:      wad_crossroads, layout_cave_pools, gammafunk_ghost_grave,
          nicolae_take_the_stairs, uniq_duvessa
D:5:      corexii_shantytown, layout_basic, kennysheep_little_box, bloody_trog,
          corexii_shack, uniq_menkaure, uniq_eustachio
D:6:      nicolae_BIG_FREAKIN_CUBE, layout_cave_pools,
          minmay_temple_entry_stoned_glass, ebering_ghost_reflecting_pool
D:7:      layout_cave_pods, mainiacjoe_overflow_surrounded_room,
          lemuel_crystal_altar, lightli_orcish_oven
D:8:      layout_cave_pools, corexii_leaking_fountain
Temple:   hellmonk_temple_of_storms

Skill      XL: |  1  2  3  4  5  6  7  8  9 |
---------------+----------------------------+-----
Maces & Flails | 4 5 6 7 8 10 | 10.8
Fighting       | 4 5 7 |  7.6
Armour         | 1 2 3 4 5 6 |  6.5
Invocations    | 2 |  2.9
Dodging        | |  2.4
Stealth        | |  2.1

Action                     |  1- 3 |  4- 6 |  7- 9 | 10-12 || total
---------------------------+-------+-------+-------+-------++-------
  Melee: Mace              |    88 |    15 |       |       ||   103
         Whip              |       |   132 |   494 |    10 ||   636
         Punch             |       |     1 |     8 |       ||     9
 Invoke: Recite            |       |       |     3 |     1 ||     4
    Use: Scroll            |     2 |     3 |     8 |       ||    13
         Potion            |       |       |       |     1 ||     1
   Stab: Sleeping          |     4 |     1 |       |       ||     5
         Confused          |       |       |     6 |       ||     6
 Armour: Robe              |    18 |       |       |       ||    18
         Leather armour    |    13 |    30 |       |       ||    43
         Chain mail        |       |    12 |    65 |       ||    77
         Skin              |       |     7 |       |       ||     7
         Plate armour      |       |       |   191 |    11 ||   202
  Dodge: Dodged            |    73 |    61 |    95 |     2 ||   231
  Block: Other             |       |    11 |    86 |     3 ||   100
         Reflection        |       |     2 |     4 |       ||     6

Table legend: (Time is in decaauts)
 A = Elapsed time spent in this place.
 B = Non-inter-level travel time spent in this place.
 C = Inter-level travel time spent in this place.
 D = Time resting spent in this place.
 E = Time spent auto-exploring this place.
 F = Levels seen in this place.
 G = Mean time per level.
                   A        B        C        D        E       F      G
               +--------+--------+--------+--------+--------+-----+--------+
         Total |   7980 |   7509 |    471 |    971 |   4038 |   9 |  886.7 |
       Dungeon |   7931 |   7460 |    471 |    971 |   4038 |   8 |  991.4 |
        Temple |     49 |     49 |      0 |      0 |      0 |   1 |   49.0 |
               +--------+--------+--------+--------+--------+-----+--------+

Top non-repeatable levels by time:
     D:5: 1773 daAuts
     D:4: 1081 daAuts
     D:7: 1059 daAuts
     D:2: 959 daAuts
     D:3: 930 daAuts
     D:6: 833 daAuts
     D:1: 731 daAuts
     D:8: 563 daAuts
  Temple: 49 daAuts
